 Dungeon Crawl Stone Soup version 0.26-a0-851-g735459dd53 (webtiles) character file.

Game seed: 6565345214886273947

205 Conn the Firebug (level 5, -6/31 HPs)
             Began as an Octopode Fire Elementalist on Nov 21, 2020.
             Mangled by a worker ant (7 damage)
             ... on level 4 of the Dungeon.
             The game lasted 00:12:26 (4380 turns).

Conn the Firebug (Octopode Fire Elementalist)       Turns: 4380, Time: 00:12:27

Health: -6/31      AC:  1    Str:  7    XL:     5   Next: 83%
Magic:  7/9        EV: 14    Int: 19    God:
Gold:   260        SH:  0    Dex: 12    Spells: 2/10 levels left

rFire    . . .     SeeInvis .   e - +0 short sword
rCold    . . .     Faith    .   (no shield)
rNeg     . . .     Spirit   .   (helmet restricted)
rPois    .         Reflect  .   (no amulet)
rElec    .         Harm     .   f - ring of wizardry
rCorr    .         Rampage  .   (no ring)
MR       .....                  (no ring)
Stlth    +++.......             (no ring)
HPRegen  0.10/turn              (no ring)
MPRegen  0.11/turn              (no ring)
                                (no ring)
                                (no ring)

@: lethally poisoned (-6 -> -18), about to teleport
A: almost no armour, stealthy swim, amphibious, 8 rings, constrict 8, camouflage
1, gelatinous body 1
a: no special abilities


You were on level 4 of the Dungeon.
You visited 1 branch of the dungeon, and saw 4 of its levels.

You collected 260 gold pieces.

Inventory:

Hand Weapons
 d - a +0 dagger
 e - a +0 short sword (weapon)
Missiles
 i - 20 poisoned darts (quivered)
Jewellery
 f - a ring of wizardry (left tentacle)
Scrolls
 a - a scroll of identify
 h - 5 scrolls of amnesia {unknown}
 j - a scroll of enchant armour {unknown}


   Skills:
 + Level 0.2 Fighting
 + Level 0.2 Short Blades
 + Level 3.0 Dodging
 + Level 3.2 Stealth
 * Level 3.3 Spellcasting
 * Level 2.4 Conjurations
 + Level 4.1 Fire Magic


You had 2 spell levels left.
You knew the following spells:

 Your Spells              Type           Power        Failure   Level
a - Foxfire               Conj/Fire      ###.         1%          1
b - Conjure Flame         Conj/Fire      ###.....     4%          3
c - Sticky Flame          Conj/Fire      ###.....     16%         4

Your spell library contained the following spells:

 Spells                   Type           Power        Failure   Level
 Inner Flame              Hex/Fire       ##......     8%          3
 Fireball                 Conj/Fire      ###.......   38%         5


Dungeon Overview and Level Annotations

Branches:
Dungeon (4/15)
 Temple: D:4-7

Altars:
Elyvilon
Gozag
Okawaru
Qazlal
Xom
Zin
The Shining One


Innate Abilities, Weirdness & Mutations

You cannot wear most types of armour.
You are very stealthy in the water. (Stealth+)
You are amphibious.
You can wear up to eight rings at the same time.
You can use your tentacles to constrict eight enemies at once.
Your skin changes colour to match your surroundings (Stealth+).
Your rubbery body absorbs attacks. (AC +1, EV +1)


Message History

As you read the scroll labelled BIKUEC TUINESE, it crumbles to dust.
It is a scroll of identify.
b - a scroll of teleportation The worker ant barely misses you.
As you read the scroll labelled GAGICW HUSCH, it crumbles to dust.
The dust glows shimmering gridelin!
It was a scroll of random uselessness.
You feel sick. The worker ant bites you.
* * * LOW HITPOINT WARNING * * *
You are lethally poisoned!
The worker ant poisons you!
As you read the scroll labelled GINENL NOKKESU, it crumbles to dust.
You feel blessed for a moment.
It was a scroll of remove curse.
* * * LOW HITPOINT WARNING * * *
You feel sick. The worker ant bites you.
* * * LOW HITPOINT WARNING * * *
As you read the scroll of teleportation, it crumbles to dust.
You feel strangely unstable.
* * * LOW HITPOINT WARNING * * *
You feel sick. The worker ant bites you!
You die...

.....###..... ...##
.......#..... #...
#...... .... #..# ....#
.....# #..#
....####......# #.##
..#.........#..##..#####
####....##.# #.........#
# ##.(###.# ##.B......#
# #.###..# ##@###..##
##.###..# #..#..##
#....#..### #....##
#...##......###...##
...## ##..........## ..#
#.......†...### ..
#...#...........# .
#..###............ #..##
#.......#####


You could see a worker ant.

Vanquished Creatures
  A howler monkey (D:4)
  A worker ant (D:4)
  6 adders
  2 worms
  2 dart slugs
  4 leopard geckos
  4 orcs (D:3)
  2 ball pythons
  4 giant cockroaches
  8 hobgoblins
  3 jackals (D:2)
  2 quokkas (D:3)
  8 bats
  2 frilled lizards (D:1)
  7 goblins
  8 kobolds
  7 rats
71 creatures vanquished.

Vanquished Creatures (others)
  264 foxfires
264 creatures vanquished.

Grand Total: 335 creatures vanquished

Notes
Turn   | Place    | Note
-------+----------+-------------------------------------------
     0 | D:1      | Conn the Octopode Fire Elementalist began the quest for the
                  | Orb.
     0 | D:1      | Reached XP level 1. HP: 11/11 MP: 3/3
   371 | D:1      | Reached XP level 2. HP: 15/17 MP: 0/5
  1186 | D:2      | Reached XP level 3. HP: 21/21 MP: 6/6
  1960 | D:2      | Found a faded altar of an unknown god.
  1976 | D:2      | Reached XP level 4. HP: 27/27 MP: 1/7
  2218 | D:2      | Found a glowing golden altar of the Shining One.
  2218 | D:2      | Found a glowing silver altar of Zin.
  2218 | D:2      | Found a white marble altar of Elyvilon.
  2695 | D:2      | Found an iron altar of Okawaru.
  2979 | D:2      | Learned a level 3 spell: Conjure Flame
  2984 | D:2      | Learned a level 4 spell: Sticky Flame
  3661 | D:3      | Noticed a water elemental
  3756 | D:3      | Reached XP level 5. HP: 21/31 MP: 7/9
  3869 | D:3      | Reached skill level 4 in Fire Magic
  3877 | D:3      | Found a shimmering altar of Xom.
  3935 | D:3      | Found a stormy altar of Qazlal.
  3938 | D:3      | Noticed a fire elemental
  3938 | D:3      | Noticed an air elemental
  4029 | D:3      | Found an opulent altar of Gozag.
  4237 | D:4      | Noticed an ogre
  4380 | D:4      | HP: 1/31 [poisoned by a worker ant]
  4380 | D:4      | Mangled by a worker ant

Illustrated notes

Levels and vault maps discovered:
D:1:      minmay_arrival_checkered_box, layout_basic
D:2:      layout_basic, good_gods_mini_temple, lemuel_crystal_altar,
          chequers_ecumenical_altar_simple_redux, chequers_serial_rivers_room_a
D:3:      layout_rooms, lemuel_coloured_pillars_altar,
          nicolae_gozag_cash_rules_everything_around_me,
          nicolae_qazlal_style_of_elements
D:4:      layout_layer_cave, portal_sewer_entry_e, minmay_misc_feat_pillars,
          uniq_sigmund, uniq_crazy_yiuf_cottage

Skill      XL: |  1  2  3  4  5 |
---------------+----------------+-----
Stealth        | 3 |  3.2
Conjurations   | 2 |  2.4
Spellcasting   | 3 |  3.3
Fire Magic     | 4 |  4.1
Dodging        | 3 |  3.0
Fighting       | |  0.2
Short Blades   | |  0.2

Action                   |  1- 3 |  4- 6 || total
-------------------------+-------+-------++-------
Melee: Short sword       |    41 |    16 ||    57
       Unarmed           |     5 |       ||     5
       Constrict         |     7 |     5 ||    12
       Tentacles         |     3 |     1 ||     4
 Cast: Foxfire           |    51 |   100 ||   151
       Conjure Flame     |       |     6 ||     6
  Use: Potion            |     3 |     1 ||     4
       Scroll            |       |     4 ||     4
 Stab: Sleeping          |     2 |     1 ||     3
Armor: Skin              |    44 |     2 ||    46
Dodge: Dodged            |    32 |    31 ||    63

Table legend: (Time is in decaauts)
 A = Elapsed time spent in this place.
 B = Non-inter-level travel time spent in this place.
 C = Inter-level travel time spent in this place.
 D = Time resting spent in this place.
 E = Time spent auto-exploring this place.
 F = Levels seen in this place.
 G = Mean time per level.
                   A        B        C        D        E       F      G
               +--------+--------+--------+--------+--------+-----+--------+
         Total |   4385 |   4310 |     75 |   1089 |   1891 |   4 | 1096.2 |
       Dungeon |   4385 |   4310 |     75 |   1089 |   1891 |   4 | 1096.2 |
               +--------+--------+--------+--------+--------+-----+--------+

Top non-repeatable levels by time:
     D:2: 2080 daAuts
     D:1: 1177 daAuts
     D:3: 970 daAuts
     D:4: 155 daAuts
